 Dungeon Crawl Stone Soup version 0.30-a0-629-gd54f4be4f7 (webtiles) character file.

Game seed: 13092571039404998852

66 Zonian the Sneak (level 4, -3/23 HPs)
             Began as a Vine Stalker Brigand on Jan 13, 2023.
             Slain by a gnoll
             ... wielding a +0 halberd
              (8 damage)
             ... on level 2 of the Dungeon.
             The game lasted 00:02:25 (1157 turns).

Zonian the Sneak (Vine Stalker Brigand)             Turns: 1157, Time: 00:02:25

Health: -3/23      AC:  5    Str: 14    XL:     4   Next: 15%
Magic:  0/5        EV: 11    Int: 11    God:
Gold:   115        SH:  4    Dex: 17    Spells: 3/3 levels left

rFire   . . .      SeeInvis .    a - +2 dagger
rCold   . . .      Faith    .    k - +0 buckler
rNeg    . . .      Spirit   +    b - +0 robe
rPois   .          Reflect  .    (no helmet)
rElec   .          Harm     .    m - +1 cloak {rCorr}
rCorr   +          Rampage  .    (no gloves)
Will    .....                    h - +0 pair of boots
Stlth   +++                      (no amulet)
HPRegen 1.03/turn                (no ring)
MPRegen 0.09/turn                (no ring)

@: no status effects
A: fangs 2, regeneration 1, magic shield, antimagic bite, no potion heal 2
a: no special abilities


You were on level 2 of the Dungeon.
You visited 1 branch of the dungeon, and saw 2 of its levels.

You collected 115 gold pieces.

Inventory:

Hand Weapons
 a - a +2 dagger (weapon)
 j - a +0 short sword
Missiles
 d - 9 poisoned darts (quivered)
 e - 3 curare-tipped darts
 i - 2 boomerangs
Armour
 b - a +0 robe (worn)
 c - a +0 cloak
 h - a +0 pair of boots (worn)
 k - a +0 buckler (worn)
 m - a +1 cloak of preservation (worn)
Scrolls
 n - a scroll of vulnerability
 o - a scroll of blinking
 p - a scroll of immolation {unknown}
Potions
 f - a potion of mutation {unknown}
 g - a potion of berserk rage
 l - a potion of lignification


   Skills:
 + Level 2.3 Fighting
 + Level 2.3 Short Blades
 + Level 2.3 Throwing
 + Level 1.4 Dodging
 + Level 5.3 Stealth


You had 3 spell levels left.
You didn't know any spells.
Your spell library contained the following spells:

 Spells                   Type           Power      Damage    Failure   Level
 Blink                    Tloc           0%         N/A       58%         2
 Scorch                   Fire           0%         2d5       58%         2
 Flame Wave               Conj/Fire      0%         2d4       99%         4
 Manifold Assault         Tloc           0%         N/A       99%         4
 Summon Cactus Giant      Summ           0%         N/A       100%        6
 Storm Form               Tmut/Air       0%         N/A       100%        7


Dungeon Overview and Level Annotations

Branches:
Dungeon (2/15)

Altars:


Innate Abilities, Weirdness & Mutations

You have extremely sharp teeth.
Your natural rate of healing is unusually fast.
When hurt, damage is shared between your health and your magic reserves.
Your bite disrupts and absorbs the magic of your enemies.
Potions cannot restore your health.


Message History

Unknown command.
A ball python comes into view.
The ball python hisses angrily. x2
The ball python bites you but does no damage.
The ball python closely misses you.
You closely miss the ball python.
The ball python bites you but does no damage.
The ball python barely misses you. The ball python bites you.
The ball python barely misses you.
You hit the ball python. You bite the ball python.
You kill the ball python!
You block the ball python's attack. The ball python barely misses you.
You hit the ball python.
You kill the ball python!
No target in view!
No target in view!
A gnoll comes into view. It is wielding a +0 halberd.
A gnoll is nearby!
Unknown command.
A gnoll comes into view. It is wielding a +0 flail.
The gnoll shouts! x2; You hear a shout! x2
The gnoll hits you with a +0 halberd!
You hit the gnoll.
The gnoll is lightly wounded.
The gnoll hits you with a +0 halberd.
A gnoll comes into view. It is wielding a +0 flail.
You barely miss the gnoll.
The gnoll is lightly wounded.
The gnoll barely misses you.
You hit the gnoll.
The gnoll is moderately wounded.
The gnoll hits you with a +0 halberd.
You hit the gnoll but do no damage. Your bite misses the gnoll.
The gnoll is moderately wounded.
The gnoll hits you with a +0 halberd!
* * * LOW HITPOINT WARNING * * *
You hit the gnoll. You bite the gnoll, but do no damage.
The gnoll is heavily wounded.
The gnoll hits you with a +0 halberd!
You die...

#..........
..
##.........
#.#
##...##...
#.#
##.######
#.# #.# #.#
## #.######
#.# ..#
#.....#.
#.#####g..#
#####...
#....@gg#
###.
#.####### #.
#.# ####.
###.########
#....
#..........#
#†...
#..........#
#....
#..........#
###...#
#........†.#
#......
#..........#
####.#####


You could see 3 gnolls.

Vanquished Creatures
  2 adders (D:2)
  A worm (D:2)
  5 endoplasms
  A goblin (D:1)
  3 hobgoblins
  2 jackals (D:2)
  3 quokkas (D:1)
  9 ball pythons
  3 bats
  4 frilled lizards
  3 kobolds (D:1)
  15 rats
51 creatures vanquished.

Notes
Turn   | Place    | Note
-------+----------+-------------------------------------------
     0 | D:1      | Zonian the Vine Stalker Brigand began the quest for the
                  | Orb.
     0 | D:1      | Reached XP level 1. HP: 11/11 MP: 2/2
   265 | D:1      | Reached skill level 1 in Dodging
   265 | D:1      | Reached XP level 2. HP: 5/15 MP: 1/3
   319 | D:1      | Reached skill level 5 in Stealth
   529 | D:1      | Reached XP level 3. HP: 18/18 MP: 4/4
  1108 | D:2      | Gained mutation: Your natural rate of healing is unusually
                  | fast. [Vine Stalker growth]
  1108 | D:2      | Reached XP level 4. HP: 20/23 MP: 3/5
  1157 | D:2      | Slain by a gnoll

Illustrated notes

Levels and vault maps discovered:
D:1:      amcnicky_arrival_underground_garden, layout_rooms,
          minmay_rat_gold_closets
D:2:      layout_rooms, minmay_heptomino_l4

Skill      XL: |  1  2 |
---------------+-------+-----
Dodging        | 1 |  1.4
Stealth        | 5 |  5.3
Fighting       | 2 |  2.3
Short Blades   | 2 |  2.3
Throwing       | 2 |  2.3

Action                   |  1- 3 |  4- 6 || total
-------------------------+-------+-------++-------
Melee: Dagger            |    93 |     8 ||   101
       Bite              |    17 |     2 ||    19
  Use: Scroll            |     4 |       ||     4
 Stab: Sleeping          |    21 |       ||    21
Armor: Robe              |    23 |     2 ||    25
Dodge: Dodged            |    24 |     5 ||    29
Block: Buckler           |     3 |     1 ||     4

Table legend: (Time is in decaauts)
 A = Elapsed time spent in this place.
 B = Non-inter-level travel time spent in this place.
 C = Inter-level travel time spent in this place.
 D = Time resting spent in this place.
 E = Time spent auto-exploring this place.
 F = Levels seen in this place.
 G = Mean time per level.
                   A        B        C        D        E       F      G
               +--------+--------+--------+--------+--------+-----+--------+
         Total |   1149 |   1136 |     13 |    260 |    460 |   2 |  574.5 |
       Dungeon |   1149 |   1136 |     13 |    260 |    460 |   2 |  574.5 |
               +--------+--------+--------+--------+--------+-----+--------+

Top non-repeatable levels by time:
     D:1: 722 daAuts
     D:2: 427 daAuts
